 Dungeon Crawl Stone Soup version 0.29.1-15-g9cfb28693d (webtiles) character file.

Game seed: 17203472633116606656

230 H0rd4k the Insei (level 6, -3/42 HPs)
             Began as an Octopode Artificer on Mar 16, 2023.
             Succumbed to an adder's poison
             ... in a sewer.
             The game lasted 00:03:01 (4240 turns).

H0rd4k the Insei (Octopode Artificer)               Turns: 4240, Time: 00:03:01

Health: -3/42      AC:  1    Str: 11    XL:     6   Next: 3%
Magic:  9/9        EV: 13    Int: 16    God:
Gold:   210        SH:  0    Dex: 12    Spells: 10/10 levels left

rFire   + . .      SeeInvis .     - Unarmed
rCold   x . .      Faith    .   (no shield)
rNeg    . . .      Spirit   .   (helmet restricted)
rPois   .          Reflect  .   (no amulet)
rElec   .          Harm     .   l - ring of fire
rCorr   .          Rampage  .   (no ring)
Will    .....                   (no ring)
Stlth   +++.......              (no ring)
HPRegen 0.14/turn               (no ring)
MPRegen 0.11/turn               (no ring)
                                (no ring)
                                (no ring)

@: lethally poisoned (-3 -> -20), hasted, very quick
A: almost no armour, amphibious, 8 rings, camouflage 1, gelatinous body 1,
(nimble swimmer 1), tentacles
a: no special abilities


You were in a sewer.
You visited 1 branch of the dungeon, and saw 4 of its levels.
You also visited: Sewer.

You collected 210 gold pieces.

Inventory:

Missiles
 f - 3 poisoned darts (quivered)
Jewellery
 l - a ring of fire (left tentacle)
 v - a ring of ice
Wands
 b - a wand of flame (15)
 c - a wand of charming (11)
 d - a wand of iceblast (2)
Scrolls
 g - a scroll of poison {unknown}
 j - a scroll of teleportation {unknown}
 m - a scroll of immolation {unknown}
 o - a scroll of acquirement {unknown}
 q - a scroll of magic mapping {unknown}
 r - 2 scrolls of amnesia {unknown}
 s - a scroll of butterflies {unknown}
 t - a scroll of noise {unknown}
 u - a scroll of identify {unknown}
Potions
 a - a potion of magic {unknown}
 e - a potion of curing {unknown}
 h - a potion of attraction {unknown}
 i - 2 potions of haste
 k - a potion of mutation {unknown}
 n - a potion of resistance {unknown}
 p - 2 potions of degeneration {unknown}
 w - a potion of brilliance {unknown}
 x - 5 potions of flight


   Skills:
 * Level 3.1 Fighting
 + Level 0.5 Throwing
 - Level 2.3 Dodging
 - Level 1.3 Stealth
 + Level 3.3 Unarmed Combat
 * Level 2.6 Spellcasting
 - Level 3.2 Evocations


You had 10 spell levels left.
You didn't know any spells.
Your spell library was empty.

Dungeon Overview and Level Annotations

Branches:
Dungeon (4/15)              Sewer (1/1)
 Temple: D:4-7

Altars:

Annotations:
D:3 1 runed translucent door, exclusion: door, ciphuk's ghost, amateur TeHu


Innate Abilities, Weirdness & Mutations

You cannot wear most types of armour.
You are amphibious.
You can wear up to eight rings at the same time.
Your skin changes colour to match your surroundings (Stealth+).
Your rubbery body absorbs attacks. (AC +1, EV +1)
((You are camouflaged when in or above water. (Stealth+)))
You have tentacles for arms and can constrict up to eight enemies at once.


Message History

The adder bites you but does no damage. The adder barely misses you.
The adder bites you. The adder closely misses you. The adder barely misses you.
You tentacle-slap the adder. You grab the adder.
The adder is moderately wounded.
You constrict the adder. The adder bites you. The adder completely misses you.
The adder bites you.
You are poisoned.
The adder poisons you!
You tentacle-slap the adder but do no damage.
The adder is heavily wounded.
You constrict the adder.
You feel sick. The adder closely misses you. The adder bites you. x2
You are more poisoned.
The adder poisons you!
You tentacle-slap the adder. You squeeze the adder.
You kill the adder!
You feel sick. The adder bites you. The adder bites you but does no damage.
You have reached level 6!
You tentacle-slap the adder. You grab the adder. You squeeze the adder.
The adder is heavily wounded.
You constrict the adder.
You feel very sick. The adder bites you.
You are lethally poisoned!
The adder poisons you! The adder bites you.
* * * LOW HITPOINT WARNING * * *
You tentacle-slap the adder.
The adder is severely wounded.
You constrict the adder.
* * * LOW HITPOINT WARNING * * *
You feel very sick. The adder bites you.
* * * LOW HITPOINT WARNING * * *
You are more poisoned.
The adder poisons you! The adder bites you.
* * * LOW HITPOINT WARNING * * *
The adder closely misses you.
It was a potion of haste.
You feel yourself speed up.
You constrict the adder.
You kill the adder!
You die...

#~≈.##.#÷.#.##~≈~#
#~≈≈#
#.≈~##.'..'.##.≈~#
#~≈≈#
#.≈~##.'..'.##.≈~#
#~≈≈#
#~≈~##.#..#.##.≈.#
#~≈≈#
#~≈~####..####~≈~#
#~≈≈# #~≈~# #..#
#~≈.# #.≈≈#
#~≈~####..# #.≈~#
#†≈≈# #~≈~##†#..#
#~≈~# #~≈≈#
#~≈~##.@..+ #~≈~#
#~≈≈# #~≈~##S'..+
#~≈~# #~≈≈#
#~≈~##.#..# #~≈~#
#~≈≈# #~≈~####..#
#.≈~# #~≈≈# #.≈~#
#..# #~≈~# #.≈≈#
#~≈~# #∩∩# #.≈.#
#~≈≈# #~≈~# ####
#~≈~# #.≈≈# #.≈~#
#~≈~# #~≈≈# #~≈†#
#~≈~# #.≈≈#


You could see an adder.

Vanquished Creatures
  7 adders
  4 gnolls (D:3)
  2 river rats (Sewer)
  5 worms
  2 dart slugs
  2 orcs (D:4)
  11 bats
  2 endoplasms
  4 giant cockroaches
  6 goblins
  4 hobgoblins
  4 kobolds
  5 quokkas
  9 ball pythons
  5 frilled lizards
  3 rats
75 creatures vanquished.

Vanquished Creatures (collateral kills)
  An adder (D:4)
  2 river rats (Sewer)
  A giant cockroach (D:4)
4 creatures vanquished.

Vanquished Creatures (others)
  An adder (D:3)
  A river rat (Sewer)
  3 plants (D:2)
5 creatures vanquished.

Grand Total: 84 creatures vanquished

Notes
Turn   | Place    | Note
-------+----------+-------------------------------------------
     0 | D:1      | H0rd4k the Octopode Artificer began the quest for the Orb.
     0 | D:1      | Reached XP level 1. HP: 13/13 MP: 1/1
   905 | D:2      | Reached XP level 2. HP: 18/18 MP: 3/3
   950 | D:2      | Reached skill level 1 in Spellcasting
  1295 | D:2      | Found a faded altar of an unknown god.
  1891 | D:2      | Reached XP level 3. HP: 21/24 MP: 3/5
  2259 | D:3      | Reached skill level 1 in Unarmed Combat
  2464 | D:3      | Reached XP level 4. HP: 21/30 MP: 6/6
  2556 | D:3      | Found a runed translucent door.
  2620 | D:3      | Noticed ciphuk's ghost (amateur TeHu)
  3206 | D:4      | Reached XP level 5. HP: 35/35 MP: 8/8
  3281 | D:4      | Found a glowing drain.
  3311 | Sewer    | Entered a sewer
  4238 | Sewer    | Reached XP level 6. HP: 20/42 MP: 9/9
  4239 | Sewer    | HP: 1/42 [adder (2)]
  4240 | Sewer    | Succumbed to an adder's poison

Illustrated notes

Levels and vault maps discovered:
D:1:      lightli_arrival_maybe_door_vault, layout_basic
D:2:      layout_basic, hellmonk_ecumenical_altar_run_dry, minivault_19,
          serial_bayou_lagoon_b
D:3:      layout_basic, ebering_ghost_sewer_d
D:4:      layout_loops_cross, minmay_temple_entry_large_hall,
          gup_sewer_entry_glass
Sewer:    sewer_fruit_machine

Skill      XL: |  1  2  3  4  5 |
---------------+----------------+-----
Spellcasting   | 1 2 |  2.6
Fighting       | 2 3 |  3.1
Unarmed Combat | 1 2 3 |  3.3
Throwing       | |  0.5
Dodging        | |  2.3
Stealth        | |  1.3
Evocations     | |  3.2

Action                   |  1- 3 |  4- 6 || total
-------------------------+-------+-------++-------
Melee: Unarmed           |    98 |   101 ||   199
       Constrict         |    26 |    32 ||    58
       Tentacles         |    17 |    31 ||    48
       Punch             |     3 |     1 ||     4
Throw: Dart              |       |     2 ||     2
Evoke: Wand              |     2 |     5 ||     7
  Use: Potion            |       |     1 ||     1
 Stab: Sleeping          |     5 |     9 ||    14
Armor: Skin              |     5 |    11 ||    16
Dodge: Dodged            |    54 |    69 ||   123
